Map: Triton LE

Players

ViBE

  • Race: Terran Terran
  • League: Diamond
  • Spawn Location: 11:00

Tassad - Winner!

  • Race: Protoss Protoss
  • League: Diamond
  • Spawn Location: 5:00

VOD

Have the link to the VOD?

Description

Time

  • Played on: Dec. 23, 2019, 6:38 a.m.
  • Length: 8:38
Show
View Real Time Build Order
Export as new Build Order

ViBE Terran 

Build Orders: 2 Factory, Reaper Expand 

Get SALT Encoding   

  12  0:00  SCV  
  13  0:13  SCV  
  14  0:18  Supply Depot  
  14  0:25  SCV  
  15  0:39  SCV  
  15  0:41  Barracks  
  16  0:46  Refinery  
  16  0:52  SCV  
  17  1:04  SCV  
  18  1:16  SCV  
  19  1:30  Orbital Command  
  19  1:31  Reaper  
  20  1:47  Command Center  
  20  1:56  Supply Depot  
  20  1:57  SCV  
  21  2:19  Factory, Barracks Tech Lab  
  20  2:24  SCV  
  20  2:25  Bunker  
  21  2:36  SCV  
  22  2:43  Refinery  
  22  2:47  Supply Depot  
  22  2:48  SCV  
  23  2:54  Marauder  
  24  3:08  SCV, Factory  
  25  3:20  SCV  
  25  3:25  Cyclone  
  26  3:42  SCV  
  25  3:52  Orbital Command  
  25  3:54  SCV  
  24  4:00  Factory Reactor  
  24  4:06  SCV  
  25  4:10  Cyclone  
  28  4:18  SCV x2  
  30  4:30  SCV x2  
  32  4:32  Mag-Field Accelerator  
  32  4:42  SCV x2  
  32  4:43  Command Center  
  34  4:49  Cyclone  
  37  4:54  SCV x2  
  39  5:03  Hellion  
  39  5:04  Hellion  
  39  5:06  SCV x2  
  45  5:09  Supply Depot  
  45  5:18  SCV  
  45  5:20  SCV  
  47  5:24  Supply Depot x2  
  47  5:26  Cyclone  
  47  5:27  Hellion  
  52  5:30  SCV, Hellion  
  52  5:35  SCV  
  56  5:42  SCV  
  56  5:47  SCV  
  58  5:55  SCV, Supply Depot  
  58  5:56  Hellion x2  
  63  5:59  SCV, Orbital Command  
  64  6:07  SCV, Cyclone  
  68  6:11  SCV, Refinery  
  68  6:12  Refinery  
  68  6:16  Orbital Command  
  69  6:19  SCV  
  69  6:22  Engineering Bay  
  69  6:23  SCV  
  71  6:26  Armory  
  71  6:31  SCV  
  72  6:35  SCV  
  73  6:43  SCV  
  74  6:48  SCV  
  73  6:55  SCV x2  
  73  6:57  Cyclone  
  73  6:58  Hellion x2  
  73  7:00  SCV  
  79  7:10  SCV x2  
  79  7:12  SCV  
  82  7:16  Factory  
  82  7:17  Factory  
  82  7:19  Factory  
  82  7:22  SCV x2  
  84  7:28  SCV  
  84  7:29  Cyclone  
  88  7:34  SCV x2  
  90  7:37  Command Center  
  90  7:40  SCV  
  90  7:42  Supply Depot  
  90  7:44  Supply Depot  
  91  7:46  SCV x2  
  93  7:52  SCV  
  94  7:58  SCV  
  94  7:59  SCV  
  94  8:01  Supply Depot  
  94  8:02  Factory Reactor, Supply Depot x2, Factory Tech Lab x2  
  94  8:03  Cyclone, Hellion  
  94  8:04  SCV, Hellion  
  104  8:10  SCV  
  104  8:11  SCV  
  81  8:20  SCV  
  81  8:23  SCV  
Show
View Real Time Build Order
Export as new Build Order

Tassad Protoss - Winner!

Build Orders:  

Get SALT Encoding   

  12  0:01  Probe  
  13  0:13  Probe  
  14  0:27  Pylon  
  14  0:30  Probe  
  15  0:43  Pylon  
  15  0:45  Probe  
  16  0:51  Gateway  
  16  0:57  Probe  
  17  1:05  Gateway  
  17  1:09  Probe  
  18  1:17  Assimilator  
  18  1:21  Probe  
  19  1:34  Probe  
  19  1:38  Cybernetics Core  
  20  1:44  Zealot (Chrono Boost)  
  22  1:48  Assimilator  
  22  1:49  Probe  
  25  1:54  Zealot (Chrono Boost)  
  25  2:01  Probe  
  26  2:17  Stalker (Chrono Boost)  
  30  2:26  Stalker (Chrono Boost)  
  30  2:39  Stalker  
  30  3:20  Nexus  
  30  3:22  Pylon  
  30  3:26  Robotics Facility  
  30  3:27  Stalker  
  30  3:40  Stalker  
  30  3:41  Twilight Council  
  32  3:42  Pylon  
  32  3:45  Probe  
  29  3:57  Probe  
  29  4:00  Warp Gate (Chrono Boost)  
  29  4:02  Stalker  
  30  4:09  Probe  
  31  4:18  Charge  
  31  4:20  Immortal (Chrono Boost)  
  35  4:35  Gateway  
  35  4:44  Gateway  
  36  4:46  Probe (Chrono Boost)  
  36  4:50  Probe (Chrono Boost)  
  37  4:58  Probe (Chrono Boost)  
  37  4:59  Probe (Chrono Boost)  
  39  5:06  Probe  
  40  5:11  Probe (Chrono Boost)  
  41  5:18  Probe (Chrono Boost)  
  42  5:27  Probe x2 (Chrono Boost)  
  44  5:29  Gateway  
  44  5:32  Probe (Chrono Boost), Gateway  
  44  5:34  Probe  
  46  5:35  Pylon  
  46  5:44  Probe  
  46  5:46  Probe, Gateway  
  48  5:50  Gateway  
  48  5:53  Warp Prism (Chrono Boost)  
  50  6:07  Dark Shrine  
  50  6:10  Zealot x2  
  54  6:13  Zealot  
  56  6:20  Pylon  
  56  6:22  Observer (Chrono Boost)  
  57  6:32  Pylon  
  57  6:34  Pylon, Sentry x2  
  57  6:35  Pylon  
  61  6:46  Zealot x3  
  61  6:47  Zealot x2  
  61  7:02  Zealot x2  
  59  7:13  Zealot x2  
  59  7:14  Zealot  
  65  7:19  Dark Templar  
  65  7:20  Dark Templar  
  69  7:25  Dark Templar x2  
  73  7:52  Dark Templar  
  73  7:53  Zealot  
  73  7:54  Zealot x4  
  73  7:57  Zealot  
  79  8:17  Dark Templar  
  79  8:19  Zealot x4  
  77  8:20  Zealot  
Tags
 
Add a new tag
Caveats
  • Supply blocks, unpowered buildings, or Contaminate may cause inaccurate times.
  • Supply counts are checked every 10 seconds.